 Dungeon Crawl Stone Soup version 0.30.1-11-g7821555f0a (webtiles) character file.

Game seed: 7210424046083570372

2260 Tauromancer the Severer (level 9, -7/73 HPs)
             Began as a Hill Orc Fighter on Dec 18, 2023.
             Was a Believer of Beogh.
             Mangled by a gnoll sergeant
             ... wielding a +0 trident of protection
              (10 damage)
             ... on level 8 of the Dungeon.
             The game lasted 00:27:15 (4410 turns).

Tauromancer the Severer (Hill Orc Fighter)          Turns: 4410, Time: 00:27:15

Health: -7/73      AC: 11    Str: 23    XL:     9   Next: 38%
Magic:  9/9        EV: 14    Int: 11    God:    Beogh [**....]
Gold:   391        SH:  4    Dex: 10    Spells: 8/8 levels left

rFire   + . .        a - +0 war axe
rCold   x . .        c - +0 buckler
rNeg    + . .        b - +0 scale mail
rPois   .            o - +1 helmet
rElec   .            (no cloak)
rCorr   .            e - +0 pair of gloves
SInv    .            n - +0 pair of boots
Will    .....        (no amulet) Stlth
                     j - ring "Pegrext" {Fire rN+ Int+3}
HPRegen 0.32/turn    q - +5 ring of evasion
MPRegen 0.11/turn

%: no passive effects
@: no status effects
A: no striking features
a: Renounce Religion, Smiting


You were on level 8 of the Dungeon.
You worshipped Beogh.
Beogh was pleased with you.
You visited 1 branch of the dungeon, and saw 7 of its levels.
You also visited: Sewer.

You collected 391 gold pieces.

Inventory:

Hand Weapons
 a - a +0 war axe (weapon)
Missiles
 k - 9 boomerangs (quivered)
Armour
 b - a +0 scale mail (worn)
 c - a +0 buckler (worn)
 e - a +0 pair of gloves (worn)
 n - a +0 pair of boots (worn)
 o - a +1 helmet (worn)
Jewellery
 j - the ring "Pegrext" (left hand) {Fire rN+ Int+3}
   (You took it off a hobgoblin on level 3 of the Dungeon)

   [ring of fire]

   It enhances your fire magic.
   Int:       It affects your intelligence (+3).
   rF:        It protects you from fire.
   rC:        It makes you vulnerable to cold.
   rN:        It protects you from negative energy.
 q - a +5 ring of evasion (right hand)
Wands
 p - a wand of acid (8)
 s - a wand of mindburst (15)
Scrolls
 f - 2 scrolls of summoning
 g - a scroll of magic mapping
 i - 4 scrolls of teleportation
 w - a scroll of identify
Potions
 d - a potion of haste
 h - a potion of lignification {unknown}
 l - 3 potions of heal wounds
 m - a potion of invisibility {unknown}
 r - a potion of ambrosia {unknown}
 t - 2 potions of flight {unknown}
 u - a potion of cancellation {unknown}
 v - a potion of resistance {unknown}


   Skills:
 - Level 4.9 Fighting
 * Level 15.2 Axes
 - Level 3.5 Armour
 - Level 3.5 Shields


You had 8 spell levels left.
You didn't know any spells.
Your spell library contained the following spells:

 Spells                   Type           Power      Damage    Failure   Level
 Borgnjor's Revivificati  Necr           0%         N/A       100%        8
 Necromutation            Tmut/Necr      0%         N/A       100%        8
 Chain Lightning          Conj/Air       0%         N/A       100%        9
 Death's Door             Necr           0%         N/A       100%        9
 Fire Storm               Conj/Fire      0%         5d1       100%        9
 Shatter                  Erth           0%         3d5*      100%        9


Dungeon Overview and Level Annotations

Branches:
Dungeon (6/15)              Sewer (visited)
 Temple: D:4-7

Altars:
Uskayaw


Message History

You completely miss the orc priest. You closely miss the orc warrior.
The orc warrior barely misses you.
The orc priest hits you with a +0 dagger.
You hit the orc priest.
The orc priest is moderately wounded.
You barely miss the orc warrior.
The orc warrior hits you but does no damage.
The gnoll sergeant barely misses you.
The orc priest hits you but does no damage.
You hit the orc priest but do no damage.
The orc priest is moderately wounded.
You hit the orc warrior but do no damage.
You slash the orc priest!
You kill the orc priest!
Beogh accepts your kill.
Beogh appreciates your killing of a heretic priest.
You hit the orc warrior. You block the orc warrior's attack.
The gnoll sergeant barely misses you.
You hit the orc warrior but do no damage.
The orc warrior is moderately wounded.
The orc warrior closely misses you.
The gnoll sergeant hits you from afar with a +0 trident of protection.
You hit the orc warrior but do no damage.
The orc warrior is lightly wounded.
The orc warrior hits you with a +0 glaive!
* * * LOW HITPOINT WARNING * * *
The gnoll sergeant closely misses you.
You hit the orc warrior.
The orc warrior is moderately wounded.
The orc warrior barely misses you.
The gnoll sergeant hits you from afar with a +0 trident of protection.
* * * LOW HITPOINT WARNING * * *
You slash the orc warrior!
The orc warrior is severely wounded.
You hit the orc warrior but do no damage.
The orc warrior is severely wounded.
The orc warrior hits you with a +0 glaive!
* * * LOW HITPOINT WARNING * * *
The gnoll sergeant hits you from afar with a +0 trident of protection!
You die...

#.#.....).....##
#...8.......8...# ^.
#.............#.# . #
#...8.......8.# .##.
#)#...........# # ...
#
#######(######.######
#.#.. .# .......>.#
##..######.#
#.#.##... ###.####.#
#...#....).#
#..)o.o.. ###.###
.##.###o@###### #o#
#.....##.#.# ##)##
#.# #.###.#...##
##g#### #.# #.#
#......#
#....######.#
#.###.#..>##
##...oo..g...#
....).#....#
##...#######.##
.........##.. #....#
#.# ..#####.## .
##.#.#######.####.#
..# ..#
#.#..............#


You could see an orc warrior and a gnoll sergeant.

Vanquished Creatures
  Sigmund (D:6)
  Eustachio (D:4)
  Grum (D:8)
  A steam dragon (D:8)
  2 water moccasins
  An ice beast (D:6)
  2 centaurs
  4 wolves (D:8)
  2 ogres (D:5)
  A phantom (D:5)
  2 bullfrogs
  Blork the orc (D:5)
  2 hounds (D:5)
  A jelly (D:5)
  2 orc priests
  An iguana (D:5)
  Natasha (D:4)
  2 orc wizards
  2 hound skeletons (D:3)
  A hound zombie (D:3)
  4 gnolls (D:8)
  5 adders
  2 river rats (D:4)
  A white imp (D:5)
  2 ufetubi
  2 adder zombies (D:3)
  3 worms (D:3)
  A dart slug (D:4)
  4 orcs
  7 bats
  3 endoplasms
  4 giant cockroaches
  7 goblins
  6 hobgoblins
  5 quokkas
  7 ball pythons
  A ball python skeleton (D:3)
  3 frilled lizards
  A giant cockroach zombie (D:3)
  7 kobolds
  4 rats
110 creatures vanquished.

Notes
Turn   | Place    | Note
-------+----------+-------------------------------------------
     0 | D:1      | Tauromancer the Hill Orc Fighter began the quest for the
                  | Orb.
     0 | D:1      | Reached XP level 1. HP: 19/19 MP: 1/1
   103 | D:1      | Reached skill level 3 in Axes
   103 | D:1      | Reached XP level 2. HP: 22/27 MP: 2/2
   679 | D:2      | Reached XP level 3. HP: 18/33 MP: 3/3
  1249 | D:3      | Reached skill level 4 in Axes
  1288 | D:3      | Reached XP level 4. HP: 36/41 MP: 4/4
  1363 | D:3      | Identified the ring "Pegrext" {Fire rN+ Int+3}
  1559 | D:3      | Reached skill level 5 in Axes
  1560 | D:3      | Became a worshipper of Beogh the Brigand
  1681 | D:3      | Reached XP level 5. HP: 47/47 MP: 5/5
  2283 | D:4      | Reached skill level 6 in Axes
  2290 | D:4      | Found a glowing drain.
  2294 | Sewer    | Entered a sewer
  2342 | Sewer    | Noticed a water moccasin
  2352 | Sewer    | Killed a water moccasin
  2353 | Sewer    | Reached skill level 7 in Axes
  2353 | Sewer    | Reached XP level 6. HP: 34/55 MP: 6/6
  2581 | D:4      | Noticed Eustachio
  2632 | D:4      | Killed Eustachio
  2633 | D:4      | Reached skill level 8 in Axes
  2633 | D:4      | Reached XP level 7. HP: 24/60 MP: 7/7
  3056 | D:4      | Noticed Natasha
  3058 | D:4      | Killed Natasha
  3185 | D:5      | Entered Level 5 of the Dungeon
  3228 | D:5      | Reached skill level 9 in Axes
  3259 | D:5      | Reached * piety under Beogh
  3304 | D:5      | Reached skill level 10 in Axes
  3462 | D:5      | Reached skill level 11 in Axes
  3462 | D:5      | Reached XP level 8. HP: 44/67 MP: 8/8
  3667 | D:5      | Noticed Blork the orc
  3681 | D:5      | Killed Blork the orc
  3682 | D:5      | Reached skill level 12 in Axes
  3983 | D:6      | Noticed Sigmund
  3987 | D:6      | Killed Sigmund
  3998 | D:6      | Reached skill level 13 in Axes
  4117 | D:6      | You fall into a shaft and drop 2 floors!
  4154 | D:8      | Noticed Grum
  4174 | D:8      | Killed Grum
  4175 | D:8      | Reached skill level 14 in Axes
  4175 | D:8      | Reached XP level 9. HP: 62/73 MP: 9/9
  4226 | D:8      | Reached skill level 15 in Axes
  4226 | D:8      | Found a hide-covered altar of Uskayaw.
  4375 | D:8      | Reached ** piety under Beogh
  4410 | D:8      | HP: 3/73 [orc warrior/+0 glaive (12)]
  4410 | D:8      | Mangled by a gnoll sergeant

Illustrated notes

Levels and vault maps discovered:
D:1:      shiori_arrival_oz, layout_basic
D:2:      layout_rooms
D:3:      layout_loops_cross, serial_undead, serial_undead_c, serial_undead_a,
          serial_undead_e, serial_undead_a, serial_undead_f, serial_undead_f,
          serial_undead_c, minmay_misc_feat_alley, minmay_goblin_outpost
D:4:      layout_gridville, gup_sewer_entry_spiral, uniq_natasha, uniq_eustachio
D:5:      layout_basic, uniq_blork_the_orc
D:6:      layout_basic, overflow_temple_1_default, nicolae_vehumet_radiance,
          amethyst_overflow_temple_binary, amcnicky_altar_gilded, uniq_sigmund,
          uniq_menkaure
D:8:      layout_loops_ring, eat_drink_and_be_merry_uskayaw,
          grunt_temple_overflow_open, nicolae_dithmenos_shadow_blocks,
          nicolae_figureground_sparkle, uniq_grum

Skill      XL: |  1  2  3  4  5  6  7  8  9 |
---------------+----------------------------+-----
Axes           | 3 4 5 7 8 11 14 15 | 15.2
Fighting       | 4 |  4.9
Armour         | |  3.5
Shields        | |  3.5

Action                     |  1- 3 |  4- 6 |  7- 9 || total
---------------------------+-------+-------+-------++-------
  Melee: War axe           |    93 |   138 |   203 ||   434
  Throw: Boomerang         |       |     4 |     5 ||     9
 Invoke: Convert to Beogh  |       |     1 |       ||     1
  Evoke: Wand              |       |       |     1 ||     1
    Use: Scroll            |     5 |     3 |     4 ||    12
         Potion            |       |     1 |     1 ||     2
 Armour: Scale mail        |    46 |    89 |    72 ||   207
  Dodge: Dodged            |    38 |   150 |   124 ||   312
  Block: Buckler           |    17 |    45 |    38 ||   100
